 Dungeon Crawl Stone Soup version 0.14-a0-2474-g7d54a28 (webtiles) character file.

104879 Econoterrorist the Sorcerer (level 15, -3/82 HPs)
             Began as a Deep Elf Conjurer on Feb 7, 2014.
             Was the Champion of Vehumet.
             Slain by a redback (14 damage)
             ... on Level 5 of the Spider Nest on Feb 9, 2014.
             The game lasted 03:52:42 (33562 turns).

Econoterrorist the Sorcerer (Deep Elf Conjurer)    Turns: 33562, Time: 03:52:43

HP  -3/82        AC  7     Str  8      XL: 15   Next: 87%
MP  17/51        EV 18     Int 27      God: Vehumet [******]
Gold 2009        SH 12     Dex 15      Spells: 14 memorised,  7 levels left

rFire  + + +     SeeInvis .     G - staff of energy
rCold  . . .     Clarity  .     y - +2 robe {rF+}
rNeg   + . .     Conserve .     p - +1 buckler
rPois  +         rCorr    .     x - +2 helmet {Int+3}
rElec  .         rRot     .     W - +0 orc cloak
SustAb . .       Spirit   .     k - +2 pair of elf gloves
rMut   .         Warding  +     S - -5 pair of boots "Deeniy" {rF++}
Saprov . . .     Stasis   .     u - amulet of warding
MR     +....                    z - ring of magical power
                                h - ring of poison resistance

@: very slightly contaminated, somewhat resistant to hostile enchantments,
fairly stealthy
A: sense surroundings 1, wild magic 1
a: Renounce Religion


You were on level 5 of the Spider Nest.
You worshipped Vehumet.
Vehumet was exalted by your worship.
You were not hungry.

You visited 5 branches of the dungeon, and saw 28 of its levels.
You also visited: Labyrinth and Ossuary.

You collected 2774 gold pieces.
You spent 765 gold pieces at shops.

Inventory:

Armour
 k - a +2 pair of elven gloves (worn)
 p - a +1 buckler (worn)
 x - a +2 helmet of intelligence (worn)
 y - a +2 robe of fire resistance (worn)
 S - the -5 pair of boots "Deeniy" (worn) {rF++}
   (You found it on level 2 of the Lair of Beasts)

   It greatly protects you from fire.
 W - a +0 orcish cloak (worn)
Magical devices
 c - a wand of polymorph (6)
 K - a wand of enslavement (14)
 Q - a wand of lightning (4)
Comestibles
 b - 6 bread rations
 j - 4 meat rations
Scrolls
 i - 2 scrolls of vulnerability
 m - 7 scrolls of teleportation
 r - a scroll of magic mapping
 s - 2 scrolls of blinking
 t - a scroll of enchant weapon I
 w - 3 scrolls of remove curse
 R - a scroll of fog
Jewellery
 e - an uncursed ring of teleport control
 h - a ring of poison resistance (left hand)
 n - an uncursed ring of protection from cold {unknown}
 u - an amulet of warding (around neck)
 z - a ring of magical power (right hand)
 A - an uncursed amulet of conservation
 D - an uncursed ring of protection from magic {unknown}
 J - an uncursed ring of protection from magic {unknown}
 V - an uncursed ring of see invisible {unknown}
Potions
 a - 3 potions of agility
 d - 2 potions of invisibility {unknown}
 f - 4 potions of brilliance {unknown}
 g - 2 potions of mutation {unknown}
 l - 2 potions of paralysis {unknown}
 o - 5 potions of heal wounds
 B - 7 potions of curing
 C - a potion of poison {unknown}
 E - a potion of restore abilities {unknown}
 I - a potion of berserk rage {unknown}
 M - 2 potions of degeneration {unknown}
 P - a potion of cure mutation {unknown}
Magical staves
 G - an uncursed staff of energy (weapon)


   Skills:
 - Level 5.0 Fighting
 - Level 10.0 Dodging
 - Level 2.4 Stealth
 - Level 5.1 Shields
 + Level 24.0 Spellcasting
 - Level 13.2 Conjurations
 - Level 6.0 Charms
 - Level 5.4 Necromancy
 - Level 6.1 Fire Magic
 - Level 8.0 Earth Magic


You had 7 spell levels left.
You knew the following spells:

 Your Spells              Type           Power        Failure   Level  Hunger
a - Magic Dart            Conj           ####         1%          1    None
b - Searing Ray           Conj           ######       1%          2    None
c - Iskenderun's Battles  Conj/Chrm      #######.     1%          4    None
d - Iskenderun's Mystic   Conj           ########     1%          4    None
e - Dig                   Erth           #######.     2%          4    None
f - Lee's Rapid Deconstr  Erth           #######...   1%          5    None
g - Stoneskin             Trmt/Erth      ######....   2%          2    None
h - Bolt of Fire          Conj/Fire      #######...   2%          6    None
i - Sublimation of Blood  Necr           #######...   1%          2    None
j - Iron Shot             Conj/Erth      #######...   1%          6    None
k - Flight                Chrm/Air       ######....   3%          3    None
l - Fireball              Conj/Fire      #######...   1%          5    None
m - Control Teleport      Chrm/Tloc      ######....   7%          4    None
n - Orb of Destruction    Conj           ########..   3%          7    None


Dungeon Overview and Level Annotations

Branches:
Dungeon (10/16)            Temple (1/1) D:4             Orc (4/4) D:10
    Elf (0/3) Orc:3          Lair (8/8) D:8           Swamp (0/5) Lair:5
 Spider (5/5) Lair:3        Slime (0/6) Lair:8

Altars:
Cheibriados
Dithmengos
Elyvilon
Fedhas
Makhleb
Nemelex Xobeh
Okawaru
Sif Muna
Trog
Vehumet
Xom
Beogh
Jiyva

Shops:
Orc:1 }   Orc:4 [([*=

Portals:
Hell: Lair:8


Innate Abilities, Weirdness & Mutations

You passively map a small area around you.
Your spells are a little harder to cast, but a little more powerful.


Message History

Press: ? - help, Shift-Dir - straight line, f - demonic crawler
Aim: a demonic crawler The fireball explodes!
The fireball engulfs the demonic crawler.
The demonic crawler resists.
The demonic crawler is moderately wounded.
The fireball engulfs the redback.
The redback is heavily wounded.
The fireball engulfs the redback.
The redback is moderately wounded.
The redback barely misses you. The spider barely misses you.
The redback barely misses you. You block the redback's attack.
You block the demonic crawler's attack. The demonic crawler hits you.
* * * LOW HITPOINT WARNING * * *
The demonic crawler hits you.
* * * LOW HITPOINT WARNING * * *
The spider closely misses you. The redback closely misses you.
The redback bites you!
You die...

, ##* , , , .## .
, , ,#^#####... *
, #..%^..... , ,
, , #....s...^ ,
,#%...^^... * , ,
,#ss....... , , ,
#@s.......
#^...^^.%s..^....
, *
.^.$^..%....... *
...............
..^............ ,
* .............
........... , ,
..^^...!.,, * ##.
*


You could see a demonic crawler, an orb spider, 2 redbacks and a spider.

Vanquished Creatures
  Saint Roka (Orc:4)
  Arachne (Spider:2)
  Wiglaf (Spider:2)
  Maud (Lair:4)
  2 emperor scorpions (Spider:4)
  A dire elephant (Lair:8)
  Snorg (Lair:5)
  A minotaur (Lab)
  5 hydras
  Harold (Lair:5)
  Josephine (Orc:2)
  An ogre mage (Orc:1)
  11 death yaks
  An orc high priest (Orc:4)
  A sun demon (Lair:8)
  A wizard (Lair:8)
  Pikel (D:9)
  A giant amoeba (Lair:8)
  3 orc knights (Orc:4)
  3 orc sorcerers (Orc:4)
  7 red wasps
  A sixfirhy (Lair:8)
  18 wolf spiders
  A spiny worm (Spider:3)
  5 elephants (Lair:3)
  16 spiny frogs
  An orange demon (Lair:8)
  2 black mambas
  Psyche (Orc:1)
  A hellwing (Lair:8)
  6 demonic crawlers
  A queen ant (Lair:5)
  25 jumping spiders
  11 orb spiders
  4 komodo dragons
  A troll (Orc:4)
  2 fire drakes
  2 red devils (Lair:8)
  5 polar bears
  A minotaur zombie (Lab)
  4 two-headed ogres
  A queen bee (Spider:3)
  3 boulder beetles
  14 blink frogs
  3 brown oozes (Lair:8)
  5 grizzly bears
  2 basilisks
  2 formicids
  5 trapdoor spiders
  3 sharks (Lair:8)
  A hungry ghost (D:6)
  31 redbacks
  4 hippogriffs
  15 tarantellas
  A hill giant zombie (D:10)
  35 yaks
  Eustachio (D:4)
  2 elephant slugs
  2 wyverns
  A steam dragon (Lair:8)
  8 soldier ants (Lair:5)
  A wolf (D:10)
  A swamp drake (D:8)
  3 necrophages (Lair:6)
  22 orc warriors
  2 phantoms
  A human (D:7)
  4 hell hounds (Lair:8)
  12 porcupines
  2 dwarves (Orc:2)
  4 ice beasts
  3 giant goldfish
  4 black bears
  2 boring beetles (Lair:8)
  3 sky beasts
  18 ogres
  12 crocodiles
  12 giant frogs
  8 giant slugs
  A gnoll sergeant (D:10)
  The ghost of timbw the Chopper, an average VSFi (D:5)
  3 rotting devils (Lair:8)
  3 wargs
  13 water moccasins
  8 agate snails
  20 killer bees
  An eye of draining (D:9)
  7 wights
  6 electric eels
  A crimson imp (D:5)
  8 goliath beetles
  4 jellyfish
  2 jellies
  4 big fish (D:6)
  3 centaur skeletons
  23 spiders
  Crazy Yiuf (D:6)
  17 orc priests
  5 hounds
  4 scorpions
  8 iguanas
  27 orc wizards
  A warg skeleton (Orc:2)
  27 worker ants
  2 big kobold zombies (Ossuary)
  A brain worm zombie (D:10)
  20 sheep
  A crocodile skeleton (D:8)
  2 ogre skeletons
  A hound zombie (D:8)
  Terence (D:2)
  2 mummies (Ossuary)
  A worker ant zombie (D:6)
  21 adders
  3 gnolls (D:3)
  4 giant centipedes
  40 green rats
  A lemure (D:4)
  A shadow imp (D:4)
  4 giant mites
  4 worms
  An adder skeleton (D:8)
  2 giant eyeballs
  9 giant geckos
  5 oozes
  136 orcs
  4 giant cockroaches
  15 hobgoblins
  21 kobolds
  A ball python (D:1)
  20 bats
  7 giant newts
  A giant spore (D:6)
  22 goblins
  3 goblin skeletons
  A goblin zombie (Ossuary)
  A hobgoblin skeleton (D:5)
  2 hobgoblin zombies (Ossuary)
  16 jackals
  A kobold skeleton (D:7)
  2 kobold zombies (Ossuary)
  2 orc skeletons (Orc:2)
  2 orc zombies
  6 quokkas
  A quokka skeleton (D:5)
  20 rats
  A rat skeleton (D:7)
  2 rat zombies
  A ballistomycete (D:6)
  4 fungi
  4 plants
1027 creatures vanquished.

Vanquished Creatures (others)
  A jumping spider (Spider:5)
  A tarantella (Spider:5)
  A crimson imp (D:9)
  3 fungi
6 creatures vanquished.

Grand Total: 1033 creatures vanquished

Notes
Turn   | Place    | Note
--------------------------------------------------------------
     0 | D:1      | Econoterrorist, the Deep Elf Conjurer, began the quest for the Orb.
     0 | D:1      | Reached XP level 1. HP: 10/10 MP: 5/5
   211 | D:1      | Reached XP level 2. HP: 15/15 MP: 4/8
   214 | D:1      | Reached skill level 5 in Conjurations
   944 | D:2      | Reached XP level 3. HP: 12/19 MP: 1/10
  1095 | D:2      | Learned a level 2 spell: Searing Ray
  1195 | D:2      | Reached skill level 6 in Conjurations
  1211 | D:2      | Reached XP level 4. HP: 24/24 MP: 3/13
  1226 | D:2      | Learned a level 4 spell: Iskenderun's Battlesphere
  1324 | D:2      | Noticed Terence
  1332 | D:2      | Killed Terence
  1332 | D:2      | Reached skill level 1 in Charms
  1954 | D:3      | Noticed an ogre
  1958 | D:3      | Killed an ogre
  1958 | D:3      | Reached skill level 5 in Charms
  1958 | D:3      | Reached XP level 5. HP: 28/28 MP: 11/16
  2458 | D:3      | Reached XP level 6. HP: 32/32 MP: 13/18
  2464 | D:3      | Learned a level 4 spell: Iskenderun's Mystic Blast
  2465 | D:3      | Found a snail-covered altar of Cheibriados.
  2722 | D:3      | Noticed an ogre
  2728 | D:3      | Killed an ogre
  2728 | D:3      | Reached skill level 1 in Shields
  2899 | D:3      | Found a sparkling altar of Nemelex Xobeh.
  3077 | D:4      | Noticed Eustachio
  3201 | D:4      | Killed Eustachio
  3201 | D:4      | Reached XP level 7. HP: 29/36 MP: 12/21
  3607 | D:4      | Found a staircase to the Ecumenical Temple.
  3616 | Temple   | Entered the Ecumenical Temple
  3630 | Temple   | Became a worshipper of Vehumet
  3685 | D:5      | Entered Level 5 of the Dungeon
  3693 | D:5      | Found a viscous altar of Jiyva.
  3861 | D:5      | Paralysed by a giant eyeball for 3 turns
  4032 | D:5      | Noticed timbw's ghost (average VSFi)
  4039 | D:5      | Killed timbw's ghost
  4177 | D:5      | Reached skill level 5 in Shields
  4223 | D:5      | Reached skill level 5 in Spellcasting
  4223 | D:5      | Reached XP level 8. HP: 7/41 MP: 4/24
  4507 | D:5      | Acquired Vehumet's first power
  4507 | D:5      | Offered knowledge of Flame Tongue by Vehumet.
  4510 | D:5      | Learned a level 1 spell: Flame Tongue
  4673 | D:5      | Reached skill level 7 in Spellcasting
  5012 | D:6      | Reached skill level 8 in Spellcasting
  5052 | D:6      | Found a sand-covered staircase.
  5071 | Ossuary  | Entered an ossuary
  5436 | D:6      | Reached skill level 9 in Spellcasting
  5549 | D:6      | Found a bloodstained altar of Trog.
  5742 | D:6      | Reached skill level 10 in Spellcasting
  6213 | D:6      | Reached XP level 9. HP: 45/45 MP: 23/30
  6235 | D:6      | Reached skill level 11 in Spellcasting
  6512 | D:6      | Offered knowledge of Throw Frost by Vehumet.
  6512 | D:6      | Reached skill level 12 in Spellcasting
  6550 | D:6      | Found a white marble altar of Elyvilon.
  6693 | D:6      | Noticed Crazy Yiuf
  6704 | D:6      | Killed Crazy Yiuf
  7300 | D:7      | Reached skill level 13 in Spellcasting
  7527 | D:7      | Reached skill level 14 in Spellcasting
  8119 | D:8      | Offered knowledge of Inner Flame by Vehumet.
  8119 | D:8      | Reached XP level 10. HP: 45/50 MP: 25/34
  8293 | D:8      | Found a sparkling altar of Nemelex Xobeh.
  8309 | D:8      | Learned a level 5 spell: Lee's Rapid Deconstruction
  8312 | D:8      | Learned a level 2 spell: Stoneskin
  8353 | D:8      | Acquired Vehumet's second power
  8406 | D:8      | Learned a level 6 spell: Bolt of Fire
  8660 | D:8      | Found a staircase to the Lair.
  8914 | Lair:1   | Entered Level 1 of the Lair of Beasts
  9282 | Lair:1   | Reached skill level 1 in Fire Magic
  9293 | Lair:1   | Learned a level 2 spell: Sublimation of Blood
  9363 | Lair:1   | Offered knowledge of Static Discharge by Vehumet.
  9715 | Lair:1   | Reached skill level 5 in Fire Magic
  9936 | Lair:1   | Found a white marble altar of Elyvilon.
  9958 | Lair:1   | Acquired Vehumet's third power
 10194 | Lair:1   | Offered knowledge of Conjure Flame by Vehumet.
 10470 | Lair:2   | Noticed a five-headed hydra
 10481 | Lair:2   | HP: 1/50 [five-headed hydra (11)]
 10487 | Lair:2   | Killed a five-headed hydra
 10487 | Lair:2   | Reached skill level 15 in Spellcasting
 10851 | Lair:2   | Reached XP level 11. HP: 54/54 MP: 25/36
 11169 | Lair:2   | Got a pair of steaming boots
 11172 | Lair:2   | Identified the cursed -5 pair of boots "Deeniy" {rF++} (You found it on level 2 of the Lair of Beasts)
 11317 | Lair:2   | HP: 2/54 [komodo dragon (28)]
 11320 | Lair:2   | Reached skill level 16 in Spellcasting
 12614 | Lair:3   | Reached skill level 17 in Spellcasting
 12749 | Lair:3   | Identified a scroll of acquirement
 12756 | Lair:3   | Learned a level 4 spell: Dig
 12774 | Lair:3   | Found a hole to the Spider Nest.
 13195 | Lair:3   | Reached skill level 18 in Spellcasting
 13699 | Lair:4   | Learned a level 6 spell: Iron Shot
 13910 | Lair:4   | Noticed Maud
 13917 | Lair:4   | HP: 1/54 [Maud/runed demon blade (29)]
 13918 | Lair:4   | Killed Maud
 13918 | Lair:4   | Reached XP level 12. HP: 1/59 MP: 5/38
 14307 | Lair:4   | Reached skill level 19 in Spellcasting
 14329 | Lair:4   | Reached skill level 1 in Earth Magic
 14694 | Lair:4   | Offered knowledge of Olgreb's Toxic Radiance by Vehumet.
 15174 | Lair:4   | Reached skill level 5 in Earth Magic
 15591 | Lair:2   | Learned a level 3 spell: Flight
 15727 | Lair:5   | Noticed Snorg
 15735 | Lair:5   | Killed Snorg
 15742 | Lair:5   | HP: 1/59 [blink frog (10)]
 16474 | Lair:5   | Found a staircase to the Swamp.
 16699 | Lair:5   | Noticed Harold
 16700 | Lair:5   | Reached skill level 10 in Conjurations
 17625 | Lair:5   | Killed Harold
 18080 | Lair:6   | Reached XP level 13. HP: 58/63 MP: 32/39
 18085 | Lair:6   | Offered knowledge of Fireball by Vehumet.
 18092 | Lair:6   | Learned a level 5 spell: Fireball
 19589 | Lair:8   | Entered Level 8 of the Lair of Beasts
 19869 | Lair:8   | Noticed a dire elephant
 19877 | Lair:8   | Killed a dire elephant
 19877 | Lair:8   | Reached skill level 5 in Dodging
 20816 | Lair:8   | Reached skill level 10 in Dodging
 20877 | Lair:8   | Reached skill level 1 in Fighting
 20885 | Lair:8   | Found a burning altar of Makhleb.
 21095 | Lair:8   | Reached XP level 14. HP: 74/74 MP: 21/40
 21225 | Lair:8   | Found a gateway to Hell.
 21356 | Lair:8   | Found a bloodstained altar of Trog.
 21439 | Lair:8   | Found a staircase to the Slime Pits.
 22196 | D:9      | Noticed Pikel
 22200 | D:9      | Killed Pikel
 22667 | D:9      | Found a shimmering altar of Xom.
 22788 | D:10     | Entered Level 10 of the Dungeon
 22835 | D:10     | Reached skill level 5 in Fighting
 22839 | D:10     | Reached skill level 1 in Necromancy
 22842 | D:10     | Offered knowledge of Bolt of Draining by Vehumet.
 22888 | D:10     | Learned a level 4 spell: Control Teleport
 23050 | D:10     | Found a staircase to the Orcish Mines.
 23519 | Orc:1    | Entered Level 1 of the Orcish Mines
 23547 | Orc:1    | Found a roughly hewn altar of Beogh.
 24027 | Orc:1    | Found Qederhis' Gadget Shop.
 24152 | Orc:1    | Reached skill level 5 in Necromancy
 24256 | Orc:1    | Noticed Psyche
 24259 | Orc:1    | Killed Psyche
 24554 | Orc:3    | Found a staircase to the Elven Halls.
 24616 | Orc:3    | Offered knowledge of Bolt of Cold by Vehumet.
 24971 | Orc:3    | Found an iron altar of Okawaru.
 25693 | Orc:2    | Noticed Josephine
 25695 | Orc:2    | Killed Josephine
 26027 | Orc:2    | Found an iron altar of Okawaru.
 26083 | Orc:4    | Entered Level 4 of the Orcish Mines
 26084 | Orc:4    | Offered knowledge of Ozocubu's Refrigeration by Vehumet.
 26291 | Orc:4    | Found a labyrinth entrance.
 26298 | Lab      | Entered a labyrinth
 26824 | Orc:4    | Reached skill level 20 in Spellcasting
 26954 | Orc:4    | Noticed Saint Roka
 26964 | Orc:4    | Killed Saint Roka
 27127 | Orc:4    | Found a roughly hewn altar of Beogh.
 27474 | Orc:4    | Found Phuqooso's Jewellery Boutique.
 27489 | Orc:4    | Found Doikeage's General Store.
 27496 | Orc:4    | Bought a potion of beneficial mutation for 455 gold pieces
 27496 | Orc:4    | Bought a scroll of identify for 26 gold pieces
 27497 | Orc:4    | Gained mutation: Your spells are a little harder to cast, but a little more powerful. [potion of beneficial mutation]
 27498 | Orc:4    | Gained mutation: You passively map a small area around you. [potion of beneficial mutation]
 27508 | Orc:4    | Found Jiopluac's Antique Armour Boutique.
 27524 | Orc:4    | Found Thaggaoh's Antique Weapon Boutique.
 27846 | Orc:4    | Found Xobbae Hups' Antique Armour Shoppe.
 27854 | Orc:4    | Bought a steaming robe for 142 gold pieces
 27854 | Orc:4    | Bought a slimy robe for 142 gold pieces
 27861 | Orc:4    | Identified the +0 robe "Shripnol" {rC+ SInv} (You bought it in a shop on level 4 of the Orcish Mines)
 27868 | Orc:4    | Identified the cursed +2 robe "Nupin" {Int-2} (You bought it in a shop on level 4 of the Orcish Mines)
 28554 | Lair:2   | Upgraded the game from 0.14-a0-2443-g5aee772 to 0.14-a0-2474-g7d54a28
 28653 | Spider:1 | Entered Level 1 of the Spider Nest
 28686 | Spider:1 | Reached skill level 21 in Spellcasting
 29294 | Spider:1 | Reached XP level 15. HP: 64/82 MP: 29/42
 29445 | Spider:1 | Offered knowledge of Orb of Destruction by Vehumet.
 29454 | Spider:1 | Learned a level 7 spell: Orb of Destruction
 29663 | Spider:2 | Noticed Arachne
 30002 | Spider:2 | Killed Arachne
 30054 | Spider:2 | Noticed Wiglaf
 30067 | Spider:2 | Killed Wiglaf
 30067 | Spider:2 | Reached skill level 22 in Spellcasting
 31966 | Spider:3 | Reached skill level 23 in Spellcasting
 32411 | Spider:4 | Got a heavily runed leather armour
 32419 | Spider:4 | Identified the +1 leather armour of the Crown {Dex+4 Int-4} (You found it on level 4 of the Spider Nest)
 32529 | Spider:4 | Offered knowledge of Poison Arrow by Vehumet.
 33456 | Spider:5 | Entered Level 5 of the Spider Nest
 33551 | Spider:5 | Reached skill level 24 in Spellcasting
 33562 | Spider:5 | Slain by a redback

Action                   |  1- 3 |  4- 6 |  7- 9 | 10-12 | 13-15 || total
-------------------------+-------+-------+-------+-------+-------++-------
Melee: Short sword       |    32 |    18 |       |       |       ||    50
       Unarmed           |     5 |       |       |       |       ||     5
       Spear             |       |    21 |    78 |     4 |       ||   103
       Staff             |       |       |       |     6 |    64 ||    70
       Demon blade       |       |       |       |     1 |       ||     1
 Cast: Magic Dart        |    49 |    41 |   205 |   291 |    70 ||   656
       Searing Ray       |     2 |    22 |    39 |    13 |     5 ||    81
       Iskenderun's Batt |       |     4 |    41 |    89 |    46 ||   180
       Iskenderun's Myst |       |       |       |    24 |    23 ||    47
       Bolt of Fire      |       |       |       |    98 |   490 ||   588
       Stoneskin         |       |       |       |     1 |       ||     1
       Sublimation of Bl |       |       |       |    51 |   131 ||   182
       Iron Shot         |       |       |       |    11 |    32 ||    43
       Fireball          |       |       |       |       |    64 ||    64
       Lee's Rapid Decon |       |       |       |       |     3 ||     3
       Dig               |       |       |       |       |     1 ||     1
       Orb of Destructio |       |       |       |       |     4 ||     4
       Flight            |       |       |       |       |     2 ||     2
Evoke: Wand              |       |       |       |     8 |    11 ||    19
  Use: Scroll            |     2 |     4 |     3 |    24 |    16 ||    49
       Potion            |       |       |       |     1 |     5 ||     6
 Stab: Sleeping          |     3 |       |     3 |       |     1 ||     7
       Distracted        |       |       |     1 |       |       ||     1
